 Dungeon Crawl Stone Soup version 0.17-b1-20-g63edfd6 (webtiles) character file.

469 4thArraOfDagon the Chopper (level 7, -12/37 HPs)
             Began as a Vine Stalker Berserker on Nov 4, 2015.
             Was a Believer of Trog.
             Mangled by an orc warrior
             ... wielding a +0 scimitar of slicing
              (23 damage)
             ... on level 7 of the Dungeon.
             The game lasted 00:03:39 (714 turns).

4thArraOfDagon the Chopper (Vine Stalker Berserker)  Turns: 714, Time: 00:03:39

Health: -12/37     AC:  6    Str: 21    XL:     7   Next: 9%
Magic:  0/18       EV: 11    Int:  7    God:    Trog [**....]
Gold:   44         SH:  0    Dex: 14    Spells: 0 memorised, 6 levels left

rFire  . . .     SeeInvis .     q - +0 broad axe
rCold  . . .     Clarity  .     a - +0 ring mail
rNeg   . . .     SustAt   .     (no shield)
rPois  .         Gourm    .     (no helmet)
rElec  .         Spirit   +     d - +0 cloak
rCorr  .         Warding  .     (no gloves)
rMut   .         Stasis   .     (no boots)
MR     .....                    (no amulet)
Stlth  +.........               u - ring of wizardry
                                l - ring of magical power

@: exhausted, slowed, very slow, not resistant to hostile enchantments, very
unstealthy
A: fangs 2, regeneration 2, magic shield, antimagic bite, no device heal 3, rot
immunity
a: Berserk, Trog's Hand, Burn Spellbooks, Renounce Religion


You were on level 7 of the Dungeon.
You worshipped Trog.
Trog was pleased with you.
You were not hungry.

You visited 1 branch of the dungeon, and saw 7 of its levels.

You collected 44 gold pieces.

Inventory:

Hand Weapons
 q - a +0 broad axe (weapon)
Armour
 a - a +0 ring mail (worn)
 d - a +0 cloak (worn)
Jewellery
 l - a ring of magical power (left hand)
 u - a ring of wizardry (right hand)
Wands
 h - a wand of cold (12)
 p - a wand of enslavement (2)
Scrolls
 b - a scroll of teleportation {unknown}
 f - a scroll of noise {unknown}
 g - 2 scrolls of identify
 k - 3 scrolls of vulnerability
 m - a scroll of enchant weapon {unknown}
 n - a scroll of immolation {unknown}
Potions
 e - a potion of invisibility {unknown}
 o - a potion of lignification {unknown}
 s - a potion of mutation {unknown}
 t - a potion of degeneration {unknown}
Comestibles
 c - 2 bread rations
 i - 2 beef jerkies
 j - 3 fruits
 r - 5 chunks of flesh


   Skills:
 + Level 4.0 Fighting
 * Level 5.1 Axes
 + Level 3.1 Armour
 - Level 1.5 Dodging
 + Level 2.0 Evocations


You had 6 spell levels left.
You didn't know any spells.

Dungeon Overview and Level Annotations

Branches:
Dungeon (7/15)
 Temple: D:4-7

Altars:
Elyvilon
Qazlal


Innate Abilities, Weirdness & Mutations

You have extremely sharp teeth.
You heal very quickly.
When hurt, damage is shared between your health and your magic reserves.
Your bite disrupts and absorbs the magic of your enemies.
Potions and wands cannot restore your health.
You are immune to rotting.


Message History

Evoke which item? (* to show all) (? for menu, Esc to quit)
Zapping:
p - a wand of enslavement {zapped: 4} (will waste charges)
Press: ? - help, Shift-Dir - straight line, f/p - orc warrior
Aim: an orc warrior, wielding a scimitar of slicing and wearing a plate armour (chance to defeat MR: 50%)
The orc warrior resists with some effort.
Evoking this partially-identified wand wasted a few charges.
The orc warrior hits you with a scimitar of slicing.
* * * LOW HITPOINT WARNING * * *
Unknown command.
Unknown command.
Evoke which item? (* to show all) (? for menu, Esc to quit)
Zapping:
p - a wand of enslavement {zapped: 6} (will waste charges)
Press: ? - help, Shift-Dir - straight line, f/p - orc warrior
Aim: an orc warrior, wielding a scimitar of slicing and wearing a plate armour (chance to defeat MR: 50%)
The orc warrior resists with some effort.
Evoking this partially-identified wand wasted a few charges.
The orc warrior closely misses you.
The orc warrior hits you with a scimitar of slicing!!
Ouch! That really hurt!
You die...

### #.. #.# #.# #.#
#.# #.# #@#
##########o# .
#.......##c#####....
#.#####†..o((.oco...
#.# ##########...#
#.# # #.## #..# ##.#


You could see an orc warrior, a centaur and an orc.

Vanquished Creatures
  Blork the orc (D:6)
  2 giant frogs
  2 scorpions
  A crimson imp (D:6)
  A hound (D:7)
  2 orc priests (D:7)
  2 adders
  An ooze (D:5)
  2 giant geckos
  7 orcs
  6 jackals
  A ball python (D:6)
  2 bats
  A giant newt (D:2)
  A goblin (D:2)
  2 kobolds
  A quokka skeleton (D:7)
35 creatures vanquished.

Notes
Turn   | Place    | Note
--------------------------------------------------------------
     0 | D:1      | 4thArraOfDagon the Vine Stalker Berserker began the quest for the Orb.
     0 | D:1      | Reached XP level 1. HP: 11/11 MP: 2/2
   143 | D:2      | Reached XP level 2. HP: 16/16 MP: 3/3
   164 | D:3      | Reached skill level 3 in Axes
   185 | D:3      | You fall through a shaft for 3 floors!
   196 | D:6      | Noticed a giant frog
   207 | D:6      | Killed a giant frog
   207 | D:6      | Reached XP level 3. HP: 20/20 MP: 1/4
   207 | D:6      | Reached XP level 4. HP: 24/24 MP: 1/5
   247 | D:5      | Entered Level 5 of the Dungeon
   284 | D:5      | Found a stormy altar of Qazlal.
   332 | D:4      | Reached skill level 4 in Axes
   332 | D:4      | Reached XP level 5. HP: 28/28 MP: 6/6
   447 | D:6      | Reached ** piety under Trog
   447 | D:6      | Reached skill level 1 in Evocations
   482 | D:6      | Noticed Blork the orc
   488 | D:6      | Killed Blork the orc
   488 | D:6      | Gained mutation: You heal very quickly. [Vine Stalker growth]
   488 | D:6      | Reached XP level 6. HP: 33/33 MP: 8/8
   511 | D:6      | Found a white marble altar of Elyvilon.
   691 | D:7      | Reached skill level 5 in Axes
   691 | D:7      | Reached XP level 7. HP: 37/37 MP: 9/9
   714 | D:7      | Mangled by an orc warrior

Action                   |  1- 3 |  4- 6 |  7- 9 || total
-------------------------+-------+-------+-------++-------
Melee: Hand axe          |    21 |    17 |       ||    38
       Broad axe         |       |    55 |     3 ||    58
Invok: Berserk           |     3 |     4 |       ||     7
Evoke: Wand              |       |       |     4 ||     4
  Use: Scroll            |       |       |     1 ||     1
 Stab: Sleeping          |     1 |       |       ||     1
  Eat: Chunk             |       |     6 |     1 ||     7
